Map: Newkirk Precinct TE (Void)

Players

KrazyAss - Winner!

  • Race: Terran Terran
  • League: Platinum
  • Spawn Location: 7:00

RiotGoldenar

  • Race: Terran Terran
  • League: Platinum
  • Spawn Location: 5:00

VOD

Have the link to the VOD?

Description

Time

  • Played on: Feb. 18, 2017, 7:07 a.m.
  • Length: 17:48
Show
View Real Time Build Order
Export as new Build Order

KrazyAss Terran - Winner!

Build Orders: Liberator Opening 

Get SALT Encoding   

  12  0:03  SCV  
  13  0:15  SCV  
  13  0:19  Supply Depot  
  14  0:27  SCV  
  15  0:38  Refinery  
  15  0:41  SCV  
  16  0:47  Barracks  
  16  0:53  SCV  
  17  1:00  Supply Depot  
  17  1:05  SCV  
  18  1:17  SCV  
  19  1:29  SCV  
  20  1:39  Marine  
  21  1:41  Orbital Command  
  21  1:46  Factory  
  21  1:49  Refinery  
  21  1:56  Marine  
  22  2:06  Supply Depot  
  22  2:07  SCV  
  23  2:14  Marine  
  24  2:19  SCV  
  25  2:27  Supply Depot  
  25  2:31  SCV  
  25  2:32  Marine, Starport  
  29  2:46  SCV  
  29  2:49  Widow Mine  
  29  2:50  Supply Depot, Marine  
  31  3:03  Bunker  
  31  3:08  Marine  
  31  3:11  Hellion  
  34  3:18  Medivac  
  36  3:22  Supply Depot  
  36  3:25  Marine  
  37  3:31  Liberator  
  37  3:37  Factory Tech Lab  
  37  3:43  Marine  
  41  4:00  Siege Tank  
  41  4:01  Marine  
  45  4:08  Supply Depot  
  45  4:09  Engineering Bay  
  45  4:19  Marine  
  46  5:07  Siege Tank  
  46  5:09  Barracks Reactor  
  46  5:10  Viking  
  48  5:19  Command Center  
  48  5:22  Barracks x2  
  48  5:23  Missile Turret x2  
  44  5:38  Missile Turret  
  42  5:43  Siege Tank  
  42  5:46  SCV  
  46  6:07  SCV  
  46  6:08  Starport Reactor  
  47  6:12  Barracks Reactor, Barracks Tech Lab  
  47  6:39  Marine x2  
  49  6:40  Siege Tank  
  52  6:53  Orbital Command  
  52  7:02  Marine x2  
  52  7:04  Stimpack  
  52  7:05  Marine x3  
  52  7:06  Viking  
  52  7:07  Viking  
  61  7:10  Terran Infantry Weapons Level 1  
  61  7:15  Armory  
  61  7:16  Engineering Bay  
  61  7:20  Marine x2  
  63  7:42  Marine x5  
  68  7:50  Viking  
  68  7:51  Orbital Command, Viking  
  72  8:12  Marine x3  
  73  8:13  Marine x2  
  73  8:16  Refinery  
  73  8:19  Fusion Core  
  77  8:20  SCV x2  
  77  8:21  Starport  
  79  8:31  Marine x2  
  79  8:32  Marine x3  
  79  8:33  SCV  
  79  8:34  SCV  
  86  8:51  Supply Depot, Missile Turret  
  86  8:53  Supply Depot  
  86  9:05  Starport Tech Lab  
  86  9:13  SCV x2  
  86  9:15  Supply Depot  
  88  9:20  Refinery  
  88  9:21  Supply Depot  
  88  9:23  Marine x5  
  93  9:25  SCV x2  
  95  9:37  SCV  
  96  9:47  Supply Depot  
  96  9:55  SCV x2  
  98  10:07  Supply Depot, SCV x2  
  98  10:09  Command Center  
  98  10:10  Supply Depot  
  98  10:13  Terran Infantry Weapons Level 2, Terran Infantry Armor Level 1  
  100  10:21  Marine x3  
  100  10:22  Marine x2  
  105  10:38  Medivac x3  
  111  10:52  Terran Ship Weapons Level 1  
  111  11:20  Marine x4  
  111  11:21  Marine  
  111  11:22  Raven  
  111  11:23  Viking x2  
  111  11:24  Siege Tank  
  125  11:27  Orbital Command  
  125  11:55  SCV x2  
  125  11:56  SCV  
  125  11:57  Marine x5  
  125  11:58  Siege Tank  
  125  11:59  Viking x2  
  140  12:02  Combat Shields  
  140  12:07  SCV  
  140  12:08  SCV x2  
  143  12:10  Refinery  
  143  12:11  Refinery  
  143  12:20  Viking  
  145  12:26  Supply Depot  
  145  12:28  Supply Depot  
  145  12:29  Viking x2  
  149  12:50  Marine x3  
  149  12:51  Marine x2, Siege Tank  
  157  13:10  Viking x3  
  163  13:18  SCV x3  
  163  13:19  Marine x5  
  171  13:20  Supply Depot x2  
  171  13:40  Viking  
  173  13:41  Viking x2  
  177  14:10  Viking  
  179  14:44  Viking x3  
  185  17:20  Command Center  
  185  17:26  Command Center  
  185  17:29  Command Center x2  
  185  17:33  Command Center x2  
Show
View Real Time Build Order
Export as new Build Order

RiotGoldenar Terran 

Build Orders: Banshee Rush 

Get SALT Encoding   

  12  0:00  SCV  
  13  0:13  SCV  
  14  0:19  Supply Depot  
  14  0:25  SCV  
  15  0:40  SCV  
  15  0:41  Barracks  
  16  0:46  Refinery  
  16  0:52  SCV  
  17  0:57  Refinery  
  17  1:04  SCV  
  18  1:16  SCV  
  19  1:30  Orbital Command, Reaper  
  20  1:36  Supply Depot  
  20  1:45  Factory  
  20  1:56  SCV  
  21  2:08  SCV  
  22  2:09  Barracks Reactor  
  22  2:20  SCV  
  23  2:27  Engineering Bay  
  23  2:30  Starport  
  23  2:31  Factory Tech Lab  
  23  2:32  SCV  
  24  2:44  SCV  
  24  2:46  Engineering Bay  
  24  2:48  Supply Depot  
  24  2:51  Marine x2  
  27  3:01  SCV  
  28  3:18  SCV  
  28  3:19  Terran Infantry Weapons Level 1  
  28  3:20  Terran Infantry Armor Level 1  
  28  3:22  Starport Tech Lab  
  28  3:23  Marine x2  
  30  3:29  Supply Depot  
  30  3:41  Banshee, Cloaking Field  
  33  3:52  Marine x2  
  35  4:13  Command Center  
  35  4:17  Marine  
  25  4:50  SCV  
  1  7:15  Orbital Command  
  1  7:46  SCV  
  2  7:58  SCV  
  3  8:22  Supply Depot  
  2  8:49  Supply Depot  
  1  9:23  Refinery  
  1  9:49  Supply Depot  
  1  10:30  Refinery  
  1  13:09  Refinery  
Tags
 
Add a new tag
Caveats
  • Supply blocks, unpowered buildings, or Contaminate may cause inaccurate times.
  • Supply counts are checked every 10 seconds.